 Dungeon Crawl Stone Soup version 0.32-a0-984-gb8cfe57ea9 (webtiles) character file.

Game seed: 16088841039057368065

14773 aspa the Covert (level 12, -3/77 HPs)
             Began as an Octopode Hedge Wizard on Apr 21, 2024.
             Was a Priest of Vehumet.
             Slain by an ogre zombie
             ... wielding a +0 giant club of venom
              (26 damage)
             ... on level 9 of the Dungeon.
             The game lasted 01:08:27 (11733 turns).

aspa the Covert (Octopode Hedge Wizard)            Turns: 11733, Time: 01:08:28

Health: -3/77      AC:  6    Str: 12    XL:     12   Next: 20%
Magic:  23/24      EV: 12    Int: 20    God:    Vehumet [***...]
Gold:   48         SH:  0    Dex: 13    Spells: 9/28 levels left

rFire   + + .        b - +7 war axe "Tonlog Adyqi" {flame, rF+ rC+ Str+3}
rCold   + + .        (no shield)
rNeg    + . .        v - +1 hat
rPois   .            (no amulet)
rElec   .            e - ring of positive energy
rCorr   +            h - +4 ring of protection
SInv    +            n - ring of willpower
Will    +....        u - ring of protection from cold
Stlth   +++++++      H - ring of protection from fire
HPRegen 0.32/turn    (no ring)
MPRegen 0.19/turn    X - ring of resist corrosion
                     U - ring "Ituskoh" {Wiz +Blink SInv}

%: wizardry (x1)
@: lethally poisoned (-3 -> -46), hasted, very quick
A: almost no armour, amphibious, 8 rings, camouflage 1, gelatinous body 1,
(nimble swimmer 1), tentacles
a: Renounce Religion, Evoke Blink


You were on level 9 of the Dungeon.
You worshipped Vehumet.
Vehumet was most pleased with you.
You visited 2 branches of the dungeon, and saw 12 of its levels.
You also visited: Bailey.

You collected 722 gold pieces.
You spent 674 gold pieces at shops.

Inventory:

Hand Weapons
 a - a +0 dagger
 b - the +7 war axe "Tonlog Adyqi" (weapon) {flame, rF+ rC+ Str+3}
   (You found it on level 3 of the Dungeon)

   Str+3:     It affects your strength (+3).
   rF+:       It protects you from fire.
   rC+:       It protects you from cold.
 i - a +2 glaive of draining
 E - a +1 short sword of protection
Armour
 q - an orb of guile
 v - a +1 hat (worn)
 I - an orb of mayhem
Magical Staves
 B - the staff of Solax {+Blink rF+ rC+++ Str-3 SInv Fire}
   (You found it in a bailey)

   [staff of fire]

   Base accuracy: +5 Base damage: 5 Base attack delay: 1.2 This weapon's minimum
   attack delay (0.6) is reached at skill level 12.
   Str-3:     It affects your strength (-3).
   rF+:       It protects you from fire.
   rC+++:     It renders you almost immune to cold.
   SInv:      It lets you see invisible.
   +Blink:    It lets you blink.
   Fire:      It increases the power of your Fire spells.
   It falls into the 'Staves' category.
   It is a one-tentacled weapon.
Jewellery
 e - a ring of positive energy (left tentacle)
 h - a +4 ring of protection (right tentacle)
 n - a ring of willpower (on tentacle)
 t - a ring of fire
 u - a ring of protection from cold (on tentacle)
 H - a ring of protection from fire (on tentacle)
 U - the ring "Ituskoh" (on tentacle) {Wiz +Blink SInv}
   (You bought it in a shop on level 1 of the Dungeon)

   [ring of wizardry]

   Wiz:       It improves your spell success rate.
   SInv:      It lets you see invisible.
   +Blink:    It lets you blink.
 X - a ring of resist corrosion (on tentacle)
Talismans
 m - a dragon-blood talisman
 p - a maw talisman
 J - a blade talisman
Wands
 l - a wand of roots (3)
 o - a wand of light (2)
Scrolls
 d - a scroll of identify
 g - 2 scrolls of fog {unknown}
 j - 5 scrolls of summoning {unknown}
 r - 6 scrolls of teleportation {unknown}
 s - a scroll of torment {unknown}
 w - 2 scrolls of noise {unknown}
 y - 2 scrolls of amnesia {unknown}
 A - 4 scrolls of fear {unknown}
 F - 4 scrolls of poison {unknown}
 M - a scroll of revelation
 N - 2 scrolls of enchant weapon
Potions
 c - 2 potions of magic
 k - 2 potions of heal wounds
 x - 2 potions of enlightenment
 z - a potion of might {unknown}
 D - 3 potions of mutation
 G - a potion of resistance
 Q - a potion of attraction
 R - a potion of lignification
 S - a potion of invisibility


   Skills:
 * Level 5.2 Fighting
 - Level 2.0 Dodging
 * Level 14.9 Stealth
 + Level 8.9 Spellcasting
 - Level 4.0 Conjurations
 * Level 5.5 Summonings
 - Level 1.0 Translocations
 - Level 4.0 Earth Magic
 * Level 8.8 Shapeshifting


You had 9 spell levels left.
You knew the following spells:

 Your Spells              Type           Power      Damage    Failure   Level
a - Magic Dart            Conj           96%        1d7       1%          1
b - Call Imp              Summ           60%        N/A       1%          2
c - Mephitic Cloud        Conj/Alch/Air  14%        N/A       1%          3
d - Blink                 Tloc           26%        N/A       3%          2
e - Stone Arrow           Conj/Erth      48%        3d10      1%          3
f - Call Canine Familiar  Summ           30%        N/A       1%          3
g - Hailstorm             Conj/Ice       16%        3d6       1%          3
h - Ensorcelled Hibernat  Hex/Ice        16%        N/A       4%          2

Your spell library contained the following spells:

 Spells                   Type           Power      Damage    Failure   Level
 Brom's Barrelling Bould  Conj/Erth      24%        2d5       1%          4
 Apportation              Tloc           26%        N/A       1%          1
 Sandblast                Erth           48%        2d12      1%          1
 Passwall                 Erth           24%        N/A       1%          3
 Slow                     Hex            32%        N/A       3%          1
 Cigotuvi's Dreadful Rot  Necr/Alch/Air  16%        N/A       4%          2
 Jinxbite                 Hex            16%        N/A       4%          2
 Sigil of Binding         Hex            8%         N/A       10%         3
 Swiftness                Air            8%         N/A       10%         3
 Dimensional Bullseye     Hex/Tloc       5%         N/A       24%         4
 Alistair's Intoxication  Alch           5%         N/A       61%         5


Dungeon Overview and Level Annotations

Branches:
Dungeon (11/15)            Temple (1/1) D:6            Lair (0/5) D:9
 Bailey (visited)
    Orc: D:9-12

Altars:
Ashenzari
Cheibriados
Dithmenos
Elyvilon
Fedhas
Gozag
Hepliaklqana
Kikubaaqudgha
Makhleb
Nemelex Xobeh
Okawaru
Qazlal
Ru
Sif Muna
Trog
Uskayaw
Vehumet
Wu Jian
Xom
Yredelemnul
The Shining One

Shops:
D:1 =

Annotations:
D:9 1 transporter


Innate Abilities, Weirdness & Mutations

You cannot wear most types of armour.
You are amphibious.
You can wear up to eight rings at the same time.
Your skin changes colour to match your surroundings (Stealth+).
Your rubbery body absorbs attacks. (AC +1, EV +1)
((You are camouflaged when in or above water. (Stealth+)))
You have tentacles for arms and can constrict up to eight enemies at once.


Message History

The water moccasin is severely wounded.
The water moccasin is blinded.
The bolt of light hits the ogre zombie!
The ogre zombie is heavily damaged.
The bolt of light hits the gnoll sergeant zombie!
The gnoll sergeant zombie is almost destroyed.
The water moccasin bites you but does no damage.
The water moccasin closely misses you.
Press: ? - help, v - describe, . - travel, g - get item
Here: an ogre zombie, wielding a +0 giant club of venom (heavily damaged) Item here: a water moccasin corpse.
The floor.
Unknown command.
You hit the water moccasin. You burn the water moccasin.
You kill the water moccasin!
Vehumet accepts your kill.
You feel your power returning.
You hit the ogre zombie. You burn the ogre zombie.
You closely miss the water moccasin.
The ogre zombie hits you with a +0 giant club of venom!!
You are lethally poisoned!
You feel much better.
You feel extremely sick. The ogre zombie barely misses you.
Okay, then.
Unknown command.
You feel yourself speed up.
You feel very sick.
The water moccasin completely misses you.
The gnoll sergeant zombie hits you from afar with a +0 spear of venom!
You are more poisoned.
The water moccasin closely misses you.
You hit the ogre zombie. You burn the ogre zombie.
The ogre zombie is severely damaged.
You barely miss the water moccasin.
You feel extremely sick. The water moccasin bites you.
* * * LOW HITPOINT WARNING * * *
You are more poisoned.
The water moccasin poisons you!
The ogre zombie hits you with a +0 giant club of venom!!
You die...

....<## .>....# ......#
......#####** ######## #
^.....#○○°.,########...)..# ###
......#○.☼.°#○°☼.○○#......#####.)
......#°°☼°○#°○○.○○#.)....##.....
......#[[°☼°☼.#Z#°○#.......>....)
.....©#©)☼○°○.ZS@○○#©..#####.....
..##..#)$○°○°.#.#°°#..########...
...####°○°○☼#○○°.○☼#..###########
...##*#○○☼°○#○○°.○○#..........<..
P...# #○.○○,#####################
P...# #####**#.###...############
PP..# #...##....########## .P..##
###.###....######.<. .P...# #.#
##.#.....##.##


You could see a water moccasin (blind, unable to see you), a gnoll sergeant
zombie and an ogre zombie.

Vanquished Creatures
  2 two-headed ogres
  Erica (D:8)
  The ghost of Vbesf the Martial Artist, a novice OpSh of Ru (D:7)
  Pikel (D:7)
  Maggie (D:8)
  Psyche (D:8)
  The ghost of Leissi the Chopper, an amateur MDFi of Gozag (D:6)
  Sigmund (D:4)
  The ghost of Drangen the Shooter, an amateur CoHu (D:3)
  4 water moccasins
  An ice beast (D:8)
  12 orc warriors
  3 sky beasts
  An ogre (D:6)
  2 centaurs (D:9)
  A phantom (D:4)
  The ghost of u553311 the Slasher, an amateur DEBe of Trog (D:3)
  Blork the orc (D:4)
  4 kobold brigands
  3 bullfrogs
  2 gnoll sergeants
  2 scorpions (D:5)
  6 wights
  4 howler monkeys
  4 bombardier beetles
  2 hounds (D:5)
  2 jellies
  2 sleepcaps (D:7)
  A gnoll bouda (D:9)
  5 orc priests
  2 iguanas
  4 orc wizards
  2 hound zombies (D:3)
  8 adders
  26 gnolls
  2 shadow imps
  A white imp (D:6)
  2 dart slugs
  A ribbon worm (D:2)
  50 orcs
  7 ball pythons
  9 bats
  7 endoplasms
  6 giant cockroaches
  17 goblins
  13 hobgoblins
  8 jackals (D:1)
  32 kobolds
  6 quokkas
  3 frilled lizards
  3 rats
282 creatures vanquished.

Vanquished Creatures (collateral kills)
  A two-headed ogre (D:7)
  A centaur (D:6)
  An orc priest (D:5)
  A sleepcap (D:5)
  A gnoll (D:3)
  An adder (D:4)
  A shadow imp (D:8)
  6 orcs
  2 goblins (Bailey)
  A jackal (D:1)
  A ball python (D:3)
  4 kobolds
21 creatures vanquished.

Grand Total: 303 creatures vanquished

Notes
Turn   | Place    | Note
-------+----------+-------------------------------------------
     0 | D:1      | aspa the Octopode Hedge Wizard began the quest for the Orb.
     0 | D:1      | Reached XP level 1. HP: 11/11 MP: 4/4
    70 | D:2      | Reached skill level 3 in Stealth
    70 | D:2      | Reached XP level 2. HP: 17/17 MP: 6/6
    73 | D:2      | Learned a level 2 spell: Call Imp
   304 | D:1      | Reached XP level 3. HP: 19/21 MP: 6/8
   404 | D:1      | Found Vaymum Bufe's Jewellery Shop.
   893 | D:2      | Reached skill level 4 in Stealth
   893 | D:2      | Reached XP level 4. HP: 25/27 MP: 9/9
   897 | D:2      | Learned a level 3 spell: Mephitic Cloud
   900 | D:2      | Learned a level 2 spell: Blink
  1306 | D:3      | Noticed Drangen's ghost (amateur CoHu)
  1655 | D:3      | Reached skill level 5 in Stealth
  1795 | D:3      | Found a runed translucent door.
  1801 | D:4      | Noticed a phantom
  1830 | D:3      | Reached XP level 5. HP: 15/31 MP: 3/10
  2265 | D:3      | Found a runed translucent gate.
  2265 | D:3      | Found a runed translucent gate.
  2265 | D:3      | Found a runed translucent gate.
  2265 | D:3      | Noticed u553311's ghost (amateur DEBe)
  2267 | D:3      | Found a basalt altar of Yredelemnul.
  2287 | D:3      | Reached skill level 6 in Stealth
  2349 | D:3      | Identified the +7 war axe "Tonlog Adyqi" {flame, rF+ rC+
                  | Str+3}
  2543 | D:5      | Entered Level 5 of the Dungeon
  2556 | D:5      | Reached XP level 6. HP: 31/36 MP: 9/12
  2608 | D:4      | Reached skill level 7 in Stealth
  2802 | D:4      | Noticed Blork the orc
  2902 | D:4      | Noticed Sigmund
  2916 | D:4      | Killed Sigmund
  2917 | D:4      | Reached XP level 7. HP: 41/41 MP: 0/13
  3062 | D:4      | Killed Blork the orc
  3063 | D:4      | Reached skill level 8 in Stealth
  3321 | D:4      | Learned a level 3 spell: Stone Arrow
  3459 | D:5      | Reached skill level 1 in Fighting
  3459 | D:5      | Reached skill level 5 in Spellcasting
  3519 | D:5      | Reached skill level 9 in Stealth
  3731 | D:5      | Reached XP level 8. HP: 48/48 MP: 3/15
  3892 | D:5      | Reached skill level 1 in Earth Magic
  4608 | D:6      | Reached skill level 10 in Stealth
  4900 | D:6      | Noticed Leissi's ghost (amateur MDFi)
  4909 | D:6      | Found a runed translucent gate.
  4909 | D:6      | Found a runed translucent gate.
  4910 | D:6      | Found a runed translucent gate.
  4936 | D:6      | Found a staircase to the Ecumenical Temple.
  4943 | Temple   | Entered the Ecumenical Temple
  4965 | Temple   | Became a worshipper of Vehumet
  5121 | D:6      | Reached skill level 11 in Stealth
  5268 | D:6      | Reached XP level 9. HP: 55/55 MP: 7/17
  5427 | D:6      | Learned a level 3 spell: Call Canine Familiar
  6207 | D:7      | Reached * piety under Vehumet
  6207 | D:7      | Offered knowledge of Kiss of Death by Vehumet.
  6302 | D:7      | Noticed Pikel
  6309 | D:7      | Killed Pikel
  6310 | D:7      | Reached skill level 12 in Stealth
  6629 | D:7      | Found a runed translucent gate.
  6630 | D:7      | Found a runed translucent gate.
  6630 | D:7      | Noticed Vbesf's ghost (novice OpSh)
  6632 | D:7      | Found a runed translucent gate.
  6658 | D:7      | Noticed a two-headed ogre
  7105 | D:3      | Killed Drangen's ghost
  7265 | D:3      | Killed u553311's ghost
  7270 | D:3      | Identified the +3 hand axe of Otecw {freeze, Will+}
  7272 | D:3      | Identified the +10 giant club "Ixicwolu" {holy, rN+}
  7632 | D:8      | Noticed a two-headed ogre
  7704 | D:8      | Reached XP level 10. HP: 63/63 MP: 20/20
  7704 | D:8      | Found a stormy altar of Qazlal.
  7715 | D:8      | Noticed Maggie
  7754 | D:9      | Found a transporter.
  7762 | D:9      | Reached skill level 13 in Stealth
  7764 | D:9      | Found a flagged portal.
  7782 | Bailey   | Entered a bailey
  8165 | Bailey   | Reached ** piety under Vehumet
  8256 | Bailey   | Offered knowledge of Momentum Strike by Vehumet.
  8753 | Bailey   | Identified the staff of Solax {+Blink rF+ rC+++ Str-3 SInv
                  | Fire}
  8854 | D:8      | Noticed Psyche
  8857 | D:8      | Killed Psyche
  8858 | D:8      | Reached skill level 14 in Stealth
  8928 | D:8      | Offered knowledge of Hailstorm by Vehumet.
  9126 | D:9      | Noticed a two-headed ogre
  9126 | D:9      | Found a snail-covered altar of Cheibriados.
  9239 | D:8      | Noticed Erica
  9262 | D:8      | Killed Erica
  9411 | D:8      | Reached XP level 11. HP: 70/70 MP: 23/23
  9534 | D:8      | Learned a level 3 spell: Hailstorm
  9678 | D:8      | Killed Maggie
 10053 | D:8      | Killed a two-headed ogre
 10232 | D:6      | Killed Leissi's ghost
 10493 | D:7      | Killed a two-headed ogre
 10494 | D:7      | Reached skill level 5 in Fighting
 10494 | D:7      | Reached skill level 5 in Summonings
 10494 | D:7      | Reached XP level 12. HP: 77/77 MP: 0/24
 10643 | D:7      | Killed Vbesf's ghost
 10674 | D:7      | Learned a level 2 spell: Ensorcelled Hibernation
 10767 | D:9      | Found a hide-covered altar of Uskayaw.
 10822 | D:9      | Reached *** piety under Vehumet
 11027 | D:9      | Killed a two-headed ogre
 11034 | D:9      | Offered knowledge of Brom's Barrelling Boulder by Vehumet.
 11105 | D:9      | Found a transporter.
 11113 | D:10     | Entered Level 10 of the Dungeon
 11171 | D:9      | You fall into a shaft and drop 2 floors!
 11244 | D:9      | Found a staircase to the Lair.
 11388 | D:1      | Bought the ring "Ituskoh" {Wiz +Blink SInv} for 674 gold
                  | pieces
 11651 | D:9      | Found an ancient bone altar of Kikubaaqudgha.
 11733 | D:9      | Slain by an ogre zombie

Illustrated notes

Levels and vault maps discovered:
D:1:      heliophobic_arrival_enchanted_forest, layout_basic, serial_shops,
          nicolae_lakefront_shop
D:2:      layout_basic, nicolae_elevator_lobby_plus
D:3:      kennysheep_big_flooded_room, layout_rooms,
          nicolae_yredelemnul_ghost_church, hellmonk_ghost_happy_afterlife
D:4:      layout_rooms, uniq_blork_the_orc, uniq_sigmund
D:5:      layout_loops_ring
D:6:      kennysheep_kobold_camp, layout_loops_cross,
          minmay_temple_entry_arrows, gammafunk_ghost_split
D:7:      layout_rooms, gammafunk_ghost_split, uniq_pikel
D:8:      layout_cave_pods, nicolae_qazlal_beasts_of_the_sky, uniq_maggie,
          uniq_erica, uniq_psyche
D:9:      gammafunk_cloud_chamber, layout_rooms, mainiacjoe_overflow_alcove_1,
          mainiacjoe_overflow_catch_the_wave, dpeg_oklobed_lair, enter_bailey_2
D:10:     layout_loops_ring, lemuel_round_altar, orc_0_dummy,
          minmay_dual_archer_statues
D:11:     layout_rooms, hangedman_decor_opposing, trog_three_pillars_becter
Temple:   regret_index_temple_sphere_string

Skill      XL: |  1  2  3  4  5  6  7  8  9 10 11 |
---------------+----------------------------------+-----
Stealth        | 3 4 5 6 7 9 11 12 14 | 14.9
Conjurations   | 2 3 4 |  4.0
Spellcasting   | 4 5 7 8 |  8.9
Fighting       | 1 2 4 5 |  5.2
Earth Magic    | 2 4 |  4.0
Summonings     | 3 4 5 |  5.5
Shapeshifting  | 8 |  8.8
Dodging        | |  2.0
Translocations | |  1.0

Action                     |  1- 3 |  4- 6 |  7- 9 | 10-12 || total
---------------------------+-------+-------+-------+-------++-------
  Melee: Dagger            |    63 |    73 |    78 |    37 ||   251
         Constrict         |    18 |    18 |    28 |    23 ||    87
         Tentacles         |    12 |    13 |    25 |    22 ||    72
         War axe           |       |     1 |    28 |    39 ||    68
   Cast: Magic Dart        |    17 |    43 |    60 |    71 ||   191
         Call Imp          |     3 |     7 |    15 |     8 ||    33
         Mephitic Cloud    |       |     5 |    10 |     8 ||    23
         Stone Arrow       |       |       |    48 |    63 ||   111
         Call Canine Famil |       |       |     4 |    12 ||    16
         Blink             |       |       |     2 |     5 ||     7
         Hailstorm         |       |       |       |     3 ||     3
         Ensorcelled Hiber |       |       |       |     1 ||     1
  Evoke: Wand              |       |       |       |     7 ||     7
    Use: Scroll            |       |       |     9 |     5 ||    14
         Potion            |       |       |       |     5 ||     5
   Stab: Sleeping          |    10 |    16 |    29 |    12 ||    67
         Confused          |       |       |     2 |     2 ||     4
         Distracted        |       |       |     2 |       ||     2
 Armour: Skin              |    27 |    31 |    50 |    54 ||   162
  Dodge: Dodged            |    42 |    39 |    41 |    56 ||   178

Table legend: (Time is in decaauts)
 A = Elapsed time spent in this place.
 B = Non-inter-level travel time spent in this place.
 C = Inter-level travel time spent in this place.
 D = Time resting spent in this place.
 E = Time spent auto-exploring this place.
 F = Levels seen in this place.
 G = Mean time per level.
                   A        B        C        D        E       F      G
               +--------+--------+--------+--------+--------+-----+--------+
         Total |  11764 |  10610 |   1154 |   1619 |   5869 |  13 |  904.9 |
       Dungeon |  10644 |   9537 |   1107 |   1068 |   5805 |  11 |  967.6 |
        Temple |     72 |     25 |     47 |      0 |      0 |   1 |   72.0 |
        Bailey |   1048 |   1048 |      0 |    551 |     64 |   1 | 1048.0 |
               +--------+--------+--------+--------+--------+-----+--------+

Top non-repeatable levels by time:
     D:6: 2031 daAuts
     D:5: 1487 daAuts
     D:8: 1340 daAuts
     D:3: 1252 daAuts
     D:7: 1118 daAuts
  Bailey: 1048 daAuts
     D:2: 889 daAuts
     D:1: 849 daAuts
     D:9: 824 daAuts
     D:4: 821 daAuts
  Temple: 72 daAuts
    D:10: 16 daAuts
    D:11: 12 daAuts
